 Dungeon Crawl Stone Soup version 0.29.1-15-g9cfb28693d (webtiles) character file.

Game seed: 12011650581657226489

14 croobank the Sneak (level 2, 0/21 HPs)
             Began as an Octopode Delver on Feb 25, 2023.
             Slain by a worm (9 damage)
             ... on level 2 of the Dungeon.
             The game lasted 00:01:14 (289 turns).

croobank the Sneak (Octopode Delver)                 Turns: 289, Time: 00:01:15

Health: 0/21       AC:  1    Str: 11    XL:     2   Next: 41%
Magic:  2/2        EV: 13    Int: 12    God:
Gold:   27         SH:  0    Dex: 13    Spells: 1/1 levels left

rFire   . . .      SeeInvis .   a - +0 hand axe
rCold   . . .      Faith    .   (no shield)
rNeg    . . .      Spirit   .   (helmet restricted)
rPois   .          Reflect  .   (no amulet)
rElec   .          Harm     .   (no ring)
rCorr   .          Rampage  .   (no ring)
Will    .....                   (no ring)
Stlth   ++++......              (no ring)
HPRegen 0.07/turn               (no ring)
MPRegen 0.08/turn               (no ring)
                                (no ring)
                                (no ring)

@: no status effects
A: almost no armour, amphibious, 8 rings, camouflage 1, gelatinous body 1,
(nimble swimmer 1), tentacles
a: no special abilities


You were on level 2 of the Dungeon.
You visited 1 branch of the dungeon, and saw 5 of its levels.

You collected 27 gold pieces.

Inventory:

Hand Weapons
 a - a +0 hand axe (weapon)
 h - a +0 club
Wands
 f - a wand of digging (3)
Scrolls
 b - a scroll of fog
 c - a scroll of magic mapping
 d - a scroll of fear
 g - a scroll of summoning {unknown}
Potions
 e - a potion of haste


   Skills:
 + Level 3.2 Fighting
 + Level 2.2 Axes
 + Level 2.2 Dodging
 + Level 6.8 Stealth


You had one spell level left.
You didn't know any spells.
Your spell library was empty.

Dungeon Overview and Level Annotations

Branches:
Dungeon (6/15)
 Temple: D:4-7

Altars:


Innate Abilities, Weirdness & Mutations

You cannot wear most types of armour.
You are amphibious.
You can wear up to eight rings at the same time.
Your skin changes colour to match your surroundings (Stealth+).
Your rubbery body absorbs attacks. (AC +1, EV +1)
((You are camouflaged when in or above water. (Stealth+)))
You have tentacles for arms and can constrict up to eight enemies at once.


Message History

A goblin comes into view. It is wielding a +0 club.
Found a stone staircase leading up.
An endoplasm comes into view.
Found 17 gold pieces.
Found a stone staircase leading up.
The helpless goblin fails to defend itself.
You slash the goblin!
You kill the goblin!
The endoplasm quivers.
The endoplasm hits you.
You barely miss the endoplasm. You squeeze the endoplasm.
You kill the endoplasm!
No target in view!
There is a stone staircase leading up here.
Things that are here:
a +0 club; a goblin corpse
h - a +0 club HP restored.
You climb upwards.
There is a stone staircase leading down here.
The helpless kobold fails to defend itself.
You hit the kobold.
You kill the kobold!
An adder comes into view.
The adder moves out of view.
The adder hisses angrily.
The worm bites you.
You hit the worm but do no damage. You grab the worm. You constrict the worm.
The worm barely misses you.
You hit the worm.
The worm is moderately wounded.
You constrict the worm. You hit the worm.
You tentacle-slap the worm, but do no damage.
The worm is severely wounded.
You constrict the worm. The worm bites you!
You miss the adder. You grab the adder. Your squeeze misses the adder.
You barely miss the worm. You constrict the worm. You constrict the adder.
The adder closely misses you. The adder barely misses you. The worm bites you!
You die...

## .. .# ##.#
...# #.. #w#
####+#@#
#.....S#####
#............
#............
#)..>........
#............
#.....####...
#.....# ...
#.....# ..


You could see a worm and an adder.

Vanquished Creatures
  An adder (D:5)
  An endoplasm (D:3)
  A goblin (D:3)
  A quokka (D:3)
  A kobold (D:2)
5 creatures vanquished.

Notes
Turn   | Place    | Note
-------+----------+-------------------------------------------
     0 | D:5      | croobank the Octopode Delver began the quest for the Orb.
     0 | D:5      | Reached XP level 1. HP: 16/16 MP: 1/1
    20 | D:6      | Noticed an orc wizard
    20 | D:6      | Noticed an orc priest
   125 | D:6      | Noticed a phantom
   133 | D:5      | Reached XP level 2. HP: 17/21 MP: 2/2
   289 | D:2      | Slain by a worm

Illustrated notes

Levels and vault maps discovered:
D:2:      layout_basic, minmay_misc_feat_cross
D:3:      minmay_angry_zag, layout_basic, shapermc_ecumenical_altar_petra
D:4:      layout_loops_cross, kennysheep_cross_bottleneck
D:5:      layout_cave_pools
D:6:      layout_layer_cave, grunt_temple_overflow_octagram,
          lightli_ossuary_entry_decrepit_ruins

Action                   || total
-------------------------++-------
Melee: Hand axe          ||    10
       Constrict         ||     3
       Punch             ||     1
       Tentacles         ||     1
 Stab: Sleeping          ||     4
Dodge: Dodged            ||     5
